Map: Acropolis LE

Players

Mez

  • Race: Terran Terran
  • League: Master
  • Spawn Location: 5:00

A.I. 1 (Very Easy) - Winner!

  • Race: Protoss Protoss
  • Spawn Location: 11:00

VOD

Have the link to the VOD?

Description

Time

  • Played on: Aug. 9, 2019, 5:04 p.m.
  • Length: 4:54
Show
View Real Time Build Order
Export as new Build Order

Mez Terran 

Build Orders: Reaper Expand 

Get SALT Encoding   

  12  0:01  SCV  
  13  0:14  SCV  
  14  0:18  Supply Depot  
  14  0:26  SCV  
  15  0:39  SCV  
  15  0:41  Barracks  
  16  0:45  Refinery  
  16  0:51  SCV  
  17  1:03  SCV  
  18  1:17  SCV  
  19  1:29  Reaper, Orbital Command  
  20  1:42  Command Center  
  20  1:47  Bunker  
  20  1:55  SCV  
  21  2:03  Barracks Reactor  
  21  2:07  Supply Depot  
  21  2:09  SCV  
  22  2:21  SCV  
  23  2:32  Command Center  
  23  2:34  SCV  
  24  2:41  Factory  
  24  2:43  Marine  
  25  2:45  Marine  
  25  2:49  SCV  
  27  3:00  Refinery, Orbital Command  
  27  3:06  Marine x2  
  27  3:08  SCV  
  30  3:20  SCV  
  30  3:25  Widow Mine  
  33  3:27  SCV, Starport  
  33  3:32  Marine  
  33  3:33  SCV, Marine  
  37  3:40  SCV  
  38  3:41  Refinery  
  38  3:45  SCV  
  39  3:51  Orbital Command  
  39  3:52  SCV, Marine x2  
  42  3:58  Widow Mine  
  42  4:01  SCV  
  45  4:04  SCV, Starport Tech Lab  
  46  4:13  SCV, Marine x2  
  46  4:16  SCV x2  
  51  4:25  SCV  
  51  4:26  Factory Tech Lab  
  51  4:28  SCV  
  51  4:30  Barracks  
  55  4:35  Barracks  
  55  4:37  SCV x2  
Show
View Real Time Build Order
Export as new Build Order

A.I. 1 (Very Easy) Protoss - Winner!

Build Orders:  

Get SALT Encoding   

  12  0:00  Probe  
  13  0:13  Probe  
  14  0:19  Pylon  
  14  0:37  Assimilator  
  14  0:43  Gateway  
  14  0:45  Pylon  
  14  1:13  Assimilator  
  14  1:22  Zealot, Probe  
  14  1:30  Probe  
  17  1:33  Cybernetics Core  
  18  1:40  Probe  
  19  1:52  Probe  
  20  1:59  Warp Gate  
  20  2:01  Probe  
  21  2:09  Probe  
  22  2:45  Stalker  
Tags
 
Add a new tag
Caveats
  • Supply blocks, unpowered buildings, or Contaminate may cause inaccurate times.
  • Supply counts are checked every 10 seconds.